 Dungeon Sprint DCSS version 0.28-a0-8-g6e044cfa68 (webtiles) character file.

Game seed: 17270220906466061432

3302 mhtbhm the Blocker (level 10, -1/88 HPs)
             Began as a Merfolk Fighter on July 24, 2021.
             Was a High Priest of Qazlal.
             Slain by Mucauhel the pandemonium lord (22 damage)
             ... in the Dungeon (Sprint V: "Ziggurat Sprint").
             The game lasted 00:04:03 (408 turns).

mhtbhm the Blocker (Merfolk Fighter)                 Turns: 408, Time: 00:04:04

Health: -1/88      AC: 34    Str: 31    XL:     10   Next: 1%
Magic:  4/17       EV:  3    Int:  8    God:    Qazlal [*****.]
Gold:   0          SH: 39    Dex: 14    Spells: 9/9 levels left

rFire   + . .      SeeInvis .   a - +8 lance "Wyrmbane" {slay drac, rPois rF+ rC+ AC+3}
rCold   + . .      Faith    .   c - +18 shield of the Gong {rElec rN+ Will+ EV-5}
rNeg    + . .      Spirit   .   b - +15 Maxwell's patent armour {-Cast -Tele rElec Will+ rCorr}
rPois   +          Reflect  .   (no helmet)
rElec   +          Harm     .   (no cloak)
rCorr   +          Rampage  .   (no gloves)
Will    ++...      NoTele   +   (no boots) Stlth ..........NoCast +
                                (no amulet)
HPRegen 0.24/turn               y - +6 ring of strength
MPRegen 0.15/turn               z - +6 ring of strength

@: lethally poisoned (-1 -> -8), protected from physical damage, repel missiles
A: (nimble swimmer 2), mertail
a: Renounce Religion, Upheaval, Elemental Force, Disaster Area


You were in the Dungeon.
You worshipped Qazlal.
Qazlal was extremely pleased with you.
You visited 1 branch

Inventory:

Hand Weapons
 a - the +8 lance "Wyrmbane" (weapon) {slay drac, rPois rF+ rC+ AC+3}
   (You found it in the Dungeon)

   It inflicts extra damage against dragons and draconians.
   AC:        It affects your AC (+3).
   rF:        It protects you from fire.
   rC:        It protects you from cold.
   rPois:     It protects you from poison.
Missiles
 u - 2 throwing nets (quivered)
 w - 6 boomerangs of dispersal
Armour
 b - the +15 Maxwell's patent armour (worn) {-Cast -Tele rElec Will+ rCorr}
   (You found it in the Dungeon)

   rElec:     It insulates you from electricity.
   -Cast:     It prevents spellcasting.
   -Tele:     It prevents most forms of teleportation.
   rCorr:     It protects you from acid and corrosion.
   Will:      It increases your willpower.
 c - the +18 shield of the Gong (worn) {rElec rN+ Will+ EV-5}
   (You found it in the Dungeon)

   It is deafeningly noisy when blocking attacks.
   EV:        It affects your evasion (-5).
   rElec:     It insulates you from electricity.
   rN:        It protects you from negative energy.
   Will:      It increases your willpower.
Jewellery
 v - the ring "Eleuneaj" {rF+ rC++ rN+ Int-2}
   (You found it in the Dungeon)

   [ring of positive energy]

   Int:       It affects your intelligence (-2).
   rF:        It protects you from fire.
   rC:        It greatly protects you from cold.
   rN:        It protects you from negative energy.
 x - a ring of flight
 y - a +6 ring of strength (left hand)
 z - a +6 ring of strength (right hand)
Wands
 A - a wand of mindburst (7)
 C - a wand of acid (7)
Scrolls
 j - 4 scrolls of blinking
 o - 4 scrolls of amnesia
 p - 7 scrolls of fog
 q - a scroll of holy word
 r - 5 scrolls of identify
 s - 2 scrolls of fear
Potions
 d - 6 potions of might
 e - 8 potions of curing
 f - 5 potions of heal wounds
 g - 6 potions of haste
 h - 6 potions of magic
 i - 2 potions of berserk rage
 k - 2 potions of brilliance
 l - 2 potions of invisibility
 m - 4 potions of resistance
 n - a potion of experience
Miscellaneous
 t - a phantom mirror
 B - a box of beasts


   Skills:
 + Level 11.3 Fighting
 + Level 10.8 Polearms
 + Level 8.2 Armour
 + Level 0.9 Dodging
 + Level 12.4 Shields
 * Level 10.5 Invocations
 + Level 3.9 Evocations


You had 9 spell levels left.
You didn't know any spells.
Your spell library contained the following spells:

 Spells                   Type           Power      Damage    Failure   Level
 Animate Skeleton         Necr           0%         N/A       99%         1
 Pain                     Necr           0%         1d4       99%         1
 Sublimation of Blood     Necr           0%         N/A       100%        2
 Petrify                  Tmut/Erth      0%         N/A       100%        4
 Fireball                 Conj/Fire      0%         3d3       100%        5
 Irradiate                Conj/Tmut      0%         3d13      100%        5
 Iskenderun's Battlesphe  Conj           0%         2d6       100%        5
 Conjure Ball Lightning   Conj/Air       0%         3x3d6     100%        6
 Orb of Destruction       Conj           0%         N/A       100%        7
 Borgnjor's Revivificati  Necr           0%         N/A       100%        8
 Necromutation            Tmut/Necr      0%         N/A       100%        8


Dungeon Overview and Level Annotations

Branches:
Dungeon (1/1)

Altars:
Ashenzari
Cheibriados
Dithmenos
Elyvilon
Fedhas
Gozag
Hepliaklqana
Kikubaaqudgha
Makhleb
Nemelex Xobeh
Okawaru
Qazlal
Ru
Sif Muna
Trog
Uskayaw
Vehumet
Wu Jian
Xom
Yredelemnul
Zin
The Shining One
Beogh
Jiyva
Lugonu

Annotations:
D 1 transporter


Innate Abilities, Weirdness & Mutations

((You are quick and stealthy near water. (Stealth+, EV+, Speed+++)))
Your lower body shifts to a powerful aquatic tail in water.


Message History

Here: Mucauhel (lightly wounded, fast, encased in ice)
The floor.
Unknown command.
Okay, then.
You feel much better.
You feel sick. You block Mucauhel's attack.
BONNNG!
You block the Brimstone Fiend's attack.
PANG!
The Brimstone Fiend hits you! You block the Brimstone Fiend's attack.
GONNNNG!
You block Mucauhel's attack.
BONNNG!
The Ice Fiend claws you but does no damage. x2
The reaper hits you from afar with a +0 scythe of venom!!
You feel more protected from physical attacks.
Unknown command.
You feel better.
The reaper is no longer encased in ice.
Mucauhel is struck by lightning.
You block Mucauhel's attack.
BOUMMMMG!
Mucauhel is struck by lightning.
You block Mucauhel's attack.
PTOANNNG!
The Brimstone Fiend hits you! The Brimstone Fiend hits you.
You block the Brimstone Fiend's attack.
GONNNNG!
You block Mucauhel's attack.
GONNNNG!
The Ice Fiend claws you. The Ice Fiend freezes you!! You resist.
* * * LOW HITPOINT WARNING * * *
You block the Ice Fiend's attack.
PANG!
The reaper hits you from afar with a +0 scythe of venom.
* * * LOW HITPOINT WARNING * * *
You are lethally poisoned!
Unknown command.
You feel much better.
You feel very sick. Mucauhel hits you but does no damage.
Mucauhel sneers, "Thy heart shall be my snack!"
Mucauhel hits you!!
You die...

▓...©....▓...©....▓
▓▓▓▓▓▓▓▓▓▓▓▓▓▓▓▓▓▓▓
▓...8©8...▓..8©8..▓
▓..:)||.≈≈▓....}..▓
▓...)":...▓..=)...▓
▓.....≈...▓.......▓
▓☼...≈....▓.......▓
▓○○°1≈....▓..)))..▓
▓..@1☼....▓....)..▓
▓.▓.&...▓.▓.▓...▓.▓
▓...°2....▓...©...▓
▓▓▓▓▓▓▓▓▓▓▓▓▓▓▓▓▓▓▓
▓..8©8..▓ ▓..[.[..▓
▓...|[..▓ ▓.....).▓
▓.......▓


You could see Mucauhel (fast, frozen), a Brimstone Fiend (summoned), an Ice
Fiend (summoned) and a reaper (summoned).

Vanquished Creatures
  3 draconians (D)
  A cyclops (D)
  4 merfolk (D)
  2 spriggans (D)
  A naga (D)
  A black bear (D)
  A wolf (D)
  A centaur (D)
  A crimson imp (D)
  A quasit (D)
  2 orc priests (D)
  A jelly (D)
  2 orc wizards (D)
  An adder (D)
  4 shadow imps (D)
  3 white imps (D)
  2 ufetubi (D)
  2 orcs (D)
  2 ball pythons (D)
  An endoplasm (D)
36 creatures vanquished.

Notes
Turn   | Place    | Note
-------+----------+-------------------------------------------
     0 | D        | mhtbhm the Merfolk Fighter began the quest for the Orb.
     0 | D        | Reached XP level 1. HP: 18/18 MP: 1/1
     0 | D        | Found a blossoming altar of Fedhas.
     1 | D        | Found the +6 Majin-Bo {vamp, MP+6 Int+6}
     1 | D        | Found the +9 heavy crossbow "Sniper" {vorpal, Acc+∞ SInv}
     1 | D        | Found the +10 dark maul {vorpal}
     1 | D        | Found the +15 Maxwell's patent armour {-Cast -Tele rElec
                  | Will+ rCorr}
     1 | D        | Found the +18 shield of the Gong {rElec rN+ Will+ EV-5}
     1 | D        | Found the +14 obsidian axe {vorpal, Drain Fly SInv}
     1 | D        | Found the +7 great mace "Firestarter" {inner flame, rF++}
     1 | D        | Found the +6 shillelagh "Devastator" {shatter}
     1 | D        | Found the +11 plutonium sword {Contam Stlth-}
     1 | D        | Found the +8 lance "Wyrmbane" {slay drac, rPois rF+ rC+
                  | AC+3}
     1 | D        | Found the +9 sword of Zonguldrok {reap}
     1 | D        | Found the +13 scythe of Curses {drain, Drain}
     1 | D        | Found the +5 sword of Power {vorpal}
     1 | D        | Found the +7 mace of Variability {chain chaos}
     1 | D        | Found the +7 Singing Sword {vorpal, sonic wave}
     1 | D        | Found the +8 storm bow {elec, penet}
     1 | D        | Found a shimmering blue altar of Sif Muna.
     1 | D        | Found a sacrificial altar of Ru.
     1 | D        | Found a bloodstained altar of Trog.
     1 | D        | Found a stormy altar of Qazlal.
     1 | D        | Found an iron altar of Okawaru.
     1 | D        | Found a sparkling altar of Nemelex Xobeh.
     3 | D        | Found a transporter.
     3 | D        | Found an ancient bone altar of Kikubaaqudgha.
     3 | D        | Found a viscous altar of Jiyva.
     3 | D        | Found a corrupted altar of Lugonu.
     3 | D        | Found a hazy altar of Hepliaklqana.
     3 | D        | Found a burning altar of Makhleb.
     3 | D        | Found an opulent altar of Gozag.
    31 | D        | Became a worshipper of Qazlal Stormbringer
    73 | D        | Entered arena 2.
    73 | D        | Noticed a jelly
    73 | D        | Found a transporter.
    74 | D        | Killed a jelly
    75 | D        | Reached skill level 4 in Shields
    75 | D        | Reached XP level 2. HP: 26/26 MP: 2/2
    75 | D        | Reached XP level 3. HP: 32/32 MP: 3/3
    79 | D        | Got the ring of Gigo {MP+9 Int+4}
    84 | D        | Entered arena 3.
    84 | D        | Noticed a draconian
    84 | D        | Noticed a draconian
    84 | D        | Noticed a draconian
    84 | D        | Found a transporter.
    85 | D        | Identified the +3 great mace "Maar" {freeze, rElec Int+7}
    91 | D        | Killed a draconian
    91 | D        | Reached * piety under Qazlal
    92 | D        | Reached skill level 5 in Polearms
    92 | D        | Reached skill level 5 in Armour
    92 | D        | Reached skill level 7 in Shields
    92 | D        | Reached skill level 1 in Evocations
    92 | D        | Reached XP level 4. HP: 45/45 MP: 3/8
    92 | D        | Reached XP level 5. HP: 51/51 MP: 3/9
    92 | D        | Reached XP level 6. HP: 57/57 MP: 3/10
    99 | D        | Killed a draconian
   100 | D        | Reached skill level 9 in Shields
   100 | D        | Reached XP level 7. HP: 64/64 MP: 3/12
   102 | D        | Killed a draconian
   103 | D        | Reached skill level 10 in Fighting
   103 | D        | Reached XP level 8. HP: 72/72 MP: 3/14
   111 | D        | Got the ring "Joinodgh" {Drain rN+ Int+7 Dex+3}
   201 | D        | Entered arena 4.
   201 | D        | Found a transporter.
   202 | D        | Reached ** piety under Qazlal
   219 | D        | Got the Tome of Dark Secrets
   228 | D        | Entered arena 5.
   228 | D        | Noticed a spriggan
   228 | D        | Noticed a spriggan
   228 | D        | Found a transporter.
   232 | D        | Reached *** piety under Qazlal
   233 | D        | Reached skill level 10 in Shields
   238 | D        | Killed a spriggan
   240 | D        | Killed a spriggan
   241 | D        | Reached XP level 9. HP: 72/79 MP: 15/15
   273 | D        | Entered arena 6.
   273 | D        | Found a transporter.
   275 | D        | Reached **** piety under Qazlal
   283 | D        | Reached ***** piety under Qazlal
   292 | D        | Got the ring "Soceotif" {rN+ Slay+2}
   302 | D        | Entered arena 7.
   303 | D        | Found a transporter.
   326 | D        | Got the ring "Eleuneaj" {rF+ rC++ rN+ Int-2}
   334 | D        | Entered arena 8.
   334 | D        | Noticed a merfolk
   334 | D        | Noticed a merfolk
   334 | D        | Noticed a merfolk
   334 | D        | Noticed a merfolk
   334 | D        | Noticed a cyclops
   335 | D        | Found a transporter.
   339 | D        | Killed a merfolk
   340 | D        | Reached skill level 11 in Shields
   345 | D        | Killed a cyclops
   345 | D        | Reached ****** piety under Qazlal
   346 | D        | Reached skill level 10 in Invocations
   347 | D        | Killed a merfolk
   348 | D        | Reached skill level 10 in Polearms
   348 | D        | Reached skill level 12 in Shields
   350 | D        | Killed a merfolk
   357 | D        | Killed a merfolk
   391 | D        | Entered arena 9.
   391 | D        | Noticed Mucauhel the pandemonium lord
   393 | D        | Reached XP level 10. HP: 88/88 MP: 9/17
   393 | D        | Noticed a Brimstone Fiend
   396 | D        | Found a transporter.
   400 | D        | Noticed a reaper
   405 | D        | Noticed an Ice Fiend
   407 | D        | HP: 2/88 [reaper[Mucauhel] (5)]
   408 | D        | Slain by Mucauhel the pandemonium lord

Illustrated notes

Levels and vault maps discovered:
D:        sprint_v [room_start, room_1, room_2, room_3, room_4, room_5, room_6,
          room_7, room_8, room_9, room_10, room_11, room_12, room_13, room_14,
          room_15, room_16, room_17, room_18, room_19, room_20, room_21,
          room_22, room_23, room_24, room_25, room_26, room_27]

Skill      XL: |  1  2  3  4  5  6  7  8  9 |
---------------+----------------------------+-----
Fighting       | 4 8 9 10 11 | 11.3
Armour         | 3 5 6 7 8 |  8.2
Shields        | 4 7 9 10 12 | 12.4
Polearms       | 5 6 7 8 10 | 10.8
Invocations    | 6 7 8 9 10 | 10.5
Evocations     | 1 2 3 |  3.9
Dodging        | |  0.9

Action                   |  1- 3 |  4- 6 |  7- 9 | 10-12 || total
-------------------------+-------+-------+-------+-------++-------
Melee: Lance             |     4 |     8 |    68 |     1 ||    81
Invok: Disaster Area     |       |       |     1 |     3 ||     4
Evoke: Wand              |     3 |       |     4 |       ||     7
  Use: Potion            |     1 |       |       |     8 ||     9
Armor: Plate armour      |       |       |     7 |    23 ||    30
Dodge: Dodged            |       |       |       |     1 ||     1
Block: Kite shield       |     6 |     9 |    84 |    43 ||   142

Table legend: (Time is in decaauts)
 A = Elapsed time spent in this place.
 B = Non-inter-level travel time spent in this place.
 C = Inter-level travel time spent in this place.
 D = Time resting spent in this place.
 E = Time spent auto-exploring this place.
 F = Levels seen in this place.
 G = Mean time per level.
                   A        B        C        D        E       F      G
               +--------+--------+--------+--------+--------+-----+--------+
         Total |    397 |    397 |      0 |    113 |      0 |   1 |  397.0 |
       Dungeon |    397 |    397 |      0 |    113 |      0 |   1 |  397.0 |
               +--------+--------+--------+--------+--------+-----+--------+

Top non-repeatable levels by time:
       D: 397 daAuts
